 Dungeon Crawl Stone Soup version 0.31-a0-986-g5e6e4ef867 (webtiles) character file.

Game seed: 16558112649192489678

44 Dittersdorf the Shield-Bearer (level 3, -11/29 HPs)
             Began as a Human Fighter on Nov 7, 2023.
             Mangled by a gnoll
             ... wielding a +0 whip of electrocution
              (16 damage)
             ... on level 1 of the Dungeon.
             The game lasted 00:01:07 (1201 turns).

Dittersdorf the Shield-Bearer (Human Fighter)       Turns: 1201, Time: 00:01:07

Health: -11/29     AC: 10    Str: 18    XL:     3   Next: 85%
Magic:  3/3        EV:  7    Int:  8    God:
Gold:   31         SH:  4    Dex: 12    Spells: 2/2 levels left

rFire   . . .        a - +0 long sword
rCold   . . .        c - +0 buckler
rNeg    . . .        i - +0 chain mail
rPois   .            (no helmet)
rElec   .            (no cloak)
rCorr   .            g - +0 pair of gloves
SInv    .            (no boots)
Will    .....        (no amulet) Stlth
                     (no ring)
HPRegen 0.24/turn    (no ring)
MPRegen 0.08/turn

%: no passive effects
@: no status effects
A: no striking features
a: no special abilities


You were on level 1 of the Dungeon.
You visited 1 branch of the dungeon, and saw 2 of its levels.

You collected 31 gold pieces.

Inventory:

Hand Weapons
 a - a +0 long sword (weapon)
Armour
 c - a +0 buckler (worn)
 g - a +0 pair of gloves (worn)
 i - a +0 chain mail (worn)
Scrolls
 b - a scroll of blinking {unknown}
 f - a scroll of vulnerability {unknown}
 h - a scroll of revelation {unknown}
Potions
 d - a potion of might
 e - 3 potions of curing {unknown}
 j - a potion of degeneration {unknown}


   Skills:
 + Level 3.4 Fighting
 + Level 2.6 Long Blades
 + Level 3.3 Armour
 + Level 3.4 Shields


You had 2 spell levels left.
You didn't know any spells.
Your spell library was empty.

Dungeon Overview and Level Annotations

Branches:
Dungeon (2/15)

Altars:


Message History

No target in view!
No target in view!
No target in view!
No target in view!
No target in view!
No target in view!
No target in view!
No target in view!
No target in view!
No target in view!
You start resting.
HP restored.
You climb downwards.
You block the gnoll's attack.
The gnoll hits you with a +0 whip of electrocution.
You are electrocuted!
There is a stone staircase leading up here.
The gnoll closely misses you.
The gnoll hits you from afar with a +0 halberd.
You climb upwards.
There is a stone staircase leading down, spattered with blood here.
You are too injured to fight recklessly!
You are too injured to fight recklessly!
You are too injured to fight recklessly!
You are too injured to fight recklessly!
You are too injured to fight recklessly!
You are too injured to fight recklessly!
You are too injured to fight recklessly!
You are too injured to fight recklessly!
You are too injured to fight recklessly!
You are too injured to fight recklessly!
You are too injured to fight recklessly!
You completely miss the gnoll.
The gnoll hits you with a +0 whip of electrocution.
* * * LOW HITPOINT WARNING * * *
You hit the gnoll but do no damage.
The gnoll hits you with a +0 whip of electrocution.
* * * LOW HITPOINT WARNING * * *
You are electrocuted!
Ouch! That really hurt!
You die...

.##...## #.....# #......#.
.####..## #.....# #.##.#...
.....#..## #.....####.##.#.##
.....##..## #.....+..#......#
.....###..######.....##.###...###
.....# ##.....##.###.##.##......#
.....# #####.##.###........###.#
.##### #.##.)....#†###.#.... ##
#...@g#####.#.....#†#
####.###..).#.....#.# #.#
#.##########.# ### #.#..........#
#.#.########## #.#...†......#
#.#.#..#####.# ####.#.#......#.#
#....#.##.###.#..


You could see a gnoll.

Vanquished Creatures
  2 gnolls (D:1)
  A dart slug (D:1)
  An endoplasm (D:2)
  A giant cockroach (D:1)
  A goblin (D:1)
  3 hobgoblins
  A quokka (D:1)
  5 bats
  3 frilled lizards
  3 kobolds (D:1)
  2 rats
23 creatures vanquished.

Notes
Turn   | Place    | Note
-------+----------+-------------------------------------------
     0 | D:1      | Dittersdorf the Human Fighter began the quest for the Orb.
     0 | D:1      | Reached XP level 1. HP: 18/18 MP: 1/1
   188 | D:1      | Reached XP level 2. HP: 22/24 MP: 2/2
   958 | D:2      | Reached XP level 3. HP: 29/29 MP: 3/3
  1201 | D:1      | Mangled by a gnoll

Illustrated notes

Levels and vault maps discovered:
D:1:      tarquinn_simple_flora_water_e, layout_basic
D:2:      layout_rooms, serial_shops, nicolae_shop_waterfront

Action                     || total
---------------------------++-------
  Melee: Long sword        ||    90
 Armour: Scale mail        ||    47
         Chain mail        ||    34
  Dodge: Dodged            ||    34
  Block: Buckler           ||    22

Table legend: (Time is in decaauts)
 A = Elapsed time spent in this place.
 B = Non-inter-level travel time spent in this place.
 C = Inter-level travel time spent in this place.
 D = Time resting spent in this place.
 E = Time spent auto-exploring this place.
 F = Levels seen in this place.
 G = Mean time per level.
                   A        B        C        D        E       F      G
               +--------+--------+--------+--------+--------+-----+--------+
         Total |   1233 |   1221 |     12 |    108 |    838 |   2 |  616.5 |
       Dungeon |   1233 |   1221 |     12 |    108 |    838 |   2 |  616.5 |
               +--------+--------+--------+--------+--------+-----+--------+

Top non-repeatable levels by time:
     D:1: 976 daAuts
     D:2: 256 daAuts
